 Dungeon Crawl Stone Soup version 0.31-a0-246-g8cbcc1cb85 (webtiles) character file.

Game seed: 6859098736300759946

54 qw the Shooter (level 3, 0/29 HPs)
             Began as a Minotaur Hexslinger on July 12, 2023.
             Slain by a hobgoblin (1 damage)
             ... on level 2 of the Dungeon.
             The game lasted 00:00:24 (804 turns).

qw the Shooter (Minotaur Hexslinger)                 Turns: 804, Time: 00:00:24

Health: 0/29       AC:  3    Str: 12    XL:     3   Next: 66%
Magic:  3/3        EV: 12    Int: 10    God:
Gold:   76         SH:  0    Dex: 14    Spells: 3/4 levels left

rFire   . . .        Y - +1 sling
rCold   . . .        (no shield)
rNeg    . . .        c - +0 robe
rPois   .            (helmet restricted)
rElec   .            (no cloak)
rCorr   .            d - +0 pair of gloves
SInv    .            (no boots)
Will    .....        (no amulet)
Stlth   +            (no ring)
HPRegen 0.24/turn    (no ring)
MPRegen 0.08/turn

%: no passive effects
@: about to teleport
A: horns 2, retaliatory headbutt
a: no special abilities


You were on level 2 of the Dungeon.
You visited 1 branch of the dungeon, and saw 2 of its levels.

You collected 76 gold pieces.


Innate Abilities, Weirdness & Mutations

You have a pair of horns on your head.
You reflexively headbutt those who attack you in melee.


   Skills:
 - Level 2.0 Fighting
 + Level 4.2 Ranged Weapons
 - Level 2.1 Dodging
 - Level 1.0 Spellcasting
 - Level 2.0 Hexes


You had 3 spell levels left.
You knew the following spells:

 Your Spells              Type           Power      Damage    Failure   Level
a - Slow                  Hex            16%        N/A       16%         1

Your spell library contained the following spells:

 Spells                   Type           Power      Damage    Failure   Level
 Inner Flame              Hex/Fire       2%         N/A       56%         3
 Portal Projectile        Hex/Tloc       4%         N/A       56%         3
 Cause Fear               Hex            2%         N/A       83%         4

Inventory:

Hand Weapons
 Y - a +1 sling (weapon)
Armour
 c - a +0 robe (worn)
 d - a +0 pair of gloves (worn)
Scrolls
 g - a scroll of identify
Potions
 i - a potion of haste {unknown}
 j - a potion of ambrosia {unknown}
 l - a potion of degeneration {unknown}
 m - a potion of attraction {unknown}
 n - 2 potions of enlightenment
 o - a potion of mutation {unknown}
 q - a potion of curing {unknown}

Dungeon Overview and Level Annotations

Branches:
Dungeon (2/15)

Altars:


Message History

You kill the quokka!
The gnoll closely misses you.
Your Ranged Weapons skill increases to level 4!
You shoot a sling bullet.
The sling bullet hits the gnoll but does no damage.
The gnoll barely misses you. The gnoll hits you but does no damage.
The gnoll closely misses you. You furiously retaliate!
You headbutt the gnoll. The gnoll closely misses you.
You shoot a sling bullet. The sling bullet hits the gnoll.
The gnoll is heavily wounded.
The gnoll barely misses you. x2
You shoot a sling bullet. The sling bullet hits the gnoll.
The gnoll is severely wounded.
You hear a shout!
The gnoll misses you.
The gnoll hits you from afar with a +0 spear.
You shoot a sling bullet. The sling bullet hits the gnoll.
The gnoll is almost dead.
The gnoll barely misses you.
The gnoll hits you from afar with a +0 spear.
You shoot a sling bullet. The sling bullet hits the gnoll.
You kill the gnoll!
A kobold comes into view. It is wielding a +0 club.
The gnoll closely misses you.
You shoot a sling bullet. The sling bullet hits the kobold.
You kill the kobold!
You hear a shout!
The gnoll hits you from afar with a +0 spear.
The gnoll barely misses you.
A hobgoblin comes into view.
You shoot a sling bullet.
The sling bullet completely misses the hobgoblin.
The gnoll hits you from afar with a +0 spear.
The hobgoblin barely misses you.
804 ||| READING scroll of teleportation.
As you read the scroll of teleportation, it crumbles to dust.
You feel strangely unstable.
The gnoll hits you from afar with a +0 spear.
The hobgoblin hits you.
You die... .... .... gg...

.... ..#... #.#
...g.r#######.#.#
.......g......#.#
#####g....###.#
#...@.......#.#
#.########..#.#
#.#......>..#.# #
#.#.#######...######.
#...............##...
###.#####..####.##.#
#.#####..# #.>..##
#........# ##.#...
########.# #.#.#.


You could see a gnoll and a hobgoblin.

Vanquished Creatures
  2 gnolls (D:2)
  2 ball pythons (D:1)
  3 bats
  7 endoplasms (D:1)
  4 giant cockroaches (D:1)
  3 goblins (D:1)
  3 quokkas
  3 kobolds
  3 rats (D:1)
30 creatures vanquished.

Notes
Turn   | Place    | Note
-------+----------+-------------------------------------------
     0 | D:1      | qw the Minotaur Hexslinger began the quest for the Orb.
     0 | D:1      | Reached XP level 1. HP: 16/16 MP: 1/1
     0 | D:1      | 0 ||| qw: Version: 0.3-a-52-g30416fa
     0 | D:1      | 0 ||| qw: Game counter: 6215
     0 | D:1      | 0 ||| qw: Melee chars always use a shield: true
     0 | D:1      | 0 ||| qw: God list: Okawaru
     0 | D:1      | 0 ||| qw: Allow faded altars: false
     0 | D:1      | 0 ||| qw: Do Orc after clearing Dungeon:15 true
     0 | D:1      | 0 ||| qw: Do second Lair branch before Depths: true
     0 | D:1      | 0 ||| qw: Lair rune preference: random
     0 | D:1      | 0 ||| qw: Goals: Normal
     0 | D:1      | 0 ||| PLANNING D:1-11
   109 | D:1      | 109 ||| UPGRADING to +0 pair of gloves.
   117 | D:1      | Reached skill level 3 in Ranged Weapons
   140 | D:1      | Reached XP level 2. HP: 21/23 MP: 2/2
   429 | D:1      | Reached XP level 3. HP: 29/29 MP: 3/3
   572 | D:1      | 572 ||| READING scroll labelled WIODIL SEVUALY.
   573 | D:1      | 573 ||| READING 2 scrolls labelled TAEF LUVIS.
   574 | D:1      | 574 ||| READING scroll labelled TUYTAH KACY.
   575 | D:1      | 575 ||| READING 2 scrolls labelled WOOKLE UCHOMI MICY.
   579 | D:1      | 579 ||| READING scroll labelled PAHE MIRGHU.
   680 | D:1      | 680 ||| DRINKING 2 glowing puce potions.
   713 | D:1      | 713 ||| DRINKING 3 inky potions.
   714 | D:1      | 714 ||| DROPPING scroll of poison.
   715 | D:1      | 715 ||| DROPPING potion of lignification.
   782 | D:2      | 782 ||| Stepping ~*~*~tactically~*~*~ (outnumbered).
   797 | D:2      | Reached skill level 4 in Ranged Weapons
   803 | D:2      | HP: 6/29 [gnoll/+0 spear (3)]
   804 | D:2      | 804 ||| READING scroll of teleportation.
   804 | D:2      | HP: 1/29 [gnoll/+0 spear (6)]
   804 | D:2      | Slain by a hobgoblin

Levels and vault maps discovered:
D:1:      dpeg_arrival_boxes_within_box, layout_rooms, minivault_25,
          minmay_heptomino_o4
D:2:      layout_basic

Skill      XL: |  1  2  3 |
---------------+----------+-----
Ranged Weapons | 3 4 |  4.2
Fighting       | 2 |  2.0
Dodging        | |  2.1
Spellcasting   | |  1.0
Hexes          | |  2.0

Action                     || total
---------------------------++-------
   Fire: Sling             ||    95
    Use: Scroll            ||     6
         Potion            ||     2
 Armour: Robe              ||    12
  Dodge: Dodged            ||    41

Table legend:
 A = Non-vault XP
 B = Vault XP
 C = Vault XP percentage of total XP
 D = Non-vault monster count
 E = Vault monster count
 F = Vault count percentage of total count
                 A         B        C        D         E       F
            +---------+---------+-------+---------+---------+-------
      Total |      70 |       8 |  10.3 |      25 |       5 |  16.7
            +---------+---------+-------+---------+---------+-------
        D:1 |      35 |       8 |  18.6 |      19 |       5 |  20.8
        D:2 |      35 |       0 |   0.0 |       6 |       0 |   0.0
            +---------+---------+-------+---------+---------+-------
